 Dungeon Crawl Stone Soup version 0.24-a0-584-g9d6b971ae4 (webtiles) character file.

Game seed: 3687801076217167232, levelgen mode: deterministic

473 Mithandil the Distorting Demonspawn (level 6, -1/48 HPs)
             Began as a Demonspawn Abyssal Knight on Sept 4, 2019.
             Was a Believer of Lugonu.
             Slain by an ogre
             ... wielding a cursed +0 giant club
              (6 damage)
             ... on level 5 of the Dungeon.
             The game lasted 00:21:55 (3115 turns).

Mithandil the Distorting Demonspawn (DsAK)          Turns: 3115, Time: 00:21:55

Health: -1/48      AC: 14    Str: 14    XL:     6   Next: 84%
Magic:  0/9        EV:  4    Int: 13    God:    Lugonu [**....]
Gold:   105        SH:  0    Dex: 13    Spells: 5/5 levels left

rFire    . . .     SeeInvis +   b - +1 dagger (drain)
rCold    . . .     Gourm    .   (no shield)
rNeg     + . .     Faith    .   u - +0 plate armour
rPois    .         Spirit   +   i - +1 hat
rElec    .         Reflect  .   (no cloak)
rCorr    .         Harm     .   (no gloves)
MR       .....                  (no boots)
Stlth    ..........             (no amulet)
HPRegen  0.16/turn              s - ring of see invisible
MPRegen  0.11/turn              v - ring of positive energy

@: lightly drained
A: hooves 1, yellow scales 1, magic shield
a: Depart the Abyss, Bend Space, Renounce Religion


You were on level 5 of the Dungeon.
You worshipped Lugonu.
Lugonu was pleased with you.
You were not hungry.

You visited 1 branch of the dungeon, and saw 5 of its levels.
You visited the Abyss 1 time.

You collected 105 gold pieces.

Inventory:

Hand Weapons
 a - a +1 falchion
 b - a +1 dagger of draining (weapon)
 k - a +2 mace of distortion
Missiles
 e - 6 poisoned darts (quivered)
 g - 129 stones
 h - 8 curare-tipped darts
 l - 16 arrows
 n - 19 sling bullets
Armour
 i - a +1 hat (worn)
 m - a +0 ring mail
 u - a +0 plate armour (worn)
Jewellery
 s - a ring of see invisible (left hand)
 v - a ring of positive energy (right hand)
Scrolls
 d - 4 scrolls of identify
 q - 2 scrolls of teleportation
Potions
 f - 2 potions of brilliance
 j - a potion of resistance
 p - a potion of heal wounds
 r - a potion of curing
 t - a potion of might
Comestibles
 c - 13 rations
 o - 4 chunks of flesh


   Skills:
 + Level 3.8(3.4) Fighting
 * Level 0.7(2.0) Short Blades
 * Level 3.8(3.4) Long Blades
 + Level 2.7(2.3) Armour
 + Level 2.3(1.8) Dodging
 - Level 2.0(1.6) Stealth
 + Level 1.7(1.3) Unarmed Combat
 + Level 4.1(3.7) Invocations


You had 5 spell levels left.
You didn't know any spells.
Your spell library was empty.

Dungeon Overview and Level Annotations

Branches:
Dungeon (5/15)
 Temple: D:4-7

Altars:


Innate Abilities, Weirdness & Mutations

You have large cloven feet.
You are partially covered in yellow scales. (AC +2)
When hurt, damage is shared between your health and your magic reserves.


Message History

You closely miss the ogre.
The ogre is moderately wounded.
You hit the ogre.
The ogre is heavily wounded.
The ogre hits you with a cursed +0 giant club!
You hit the ogre but do no damage. You drain the ogre.
Your kick misses the ogre.
The ogre is heavily wounded.
The ogre hits you with a cursed +0 giant club!
* * * LOW HITPOINT WARNING * * *
You hit the ogre but do no damage. Your kick misses the ogre.
The ogre is heavily wounded.
You hit the ogre. You drain the ogre.
The ogre is severely wounded.
The ogre hits you with a cursed +0 giant club.
* * * LOW HITPOINT WARNING * * *
You hit the ogre. You drain the ogre. You kick the ogre.
The ogre is almost dead.
The ogre hits you with a cursed +0 giant club!
You die...

.. ..#####
.......######### ....#..#
.......#.......# .......#
......[#.......# .......
#.......#.......# .....#
. .....<.#....)..#
....##.# .......@.......#
.....#.##......O#.......#
................#.......#
<..#..# ........#.......#
....#.##..#########.#####
....#...# ..# #..#
.....##.###.# ###.##
............####...#
....###.###......###


You could see an ogre.

Vanquished Creatures
  Grinder (D:3)
  An orc wizard (D:3)
  Jessica (D:3)
  Ijyb (D:3)
  Terence (D:2)
  2 worker ants
  A hound zombie (D:5)
  4 adders
  4 worms
  A dart slug (D:2)
  3 leopard geckos (D:1)
  3 orcs
  9 bats
  5 giant cockroaches
  4 goblins
  6 hobgoblins
  3 jackals (D:1)
  2 quokkas
  2 ball pythons
  13 frilled lizards
  7 kobolds
  A leopard gecko skeleton (D:2)
  11 rats
  A plant (D:2)
87 creatures vanquished.

Notes
Turn   | Place    | Note
-------+----------+-------------------------------------------
     0 | Abyss:1  | Mithandil the Demonspawn Abyssal Knight began the quest for
                  | the Orb.
     0 | Abyss:1  | Reached XP level 1. HP: 18/18 MP: 2/2
    58 | Abyss:1  | Noticed a raiju
    59 | D:1      | Escaped the Abyss
   170 | D:1      | Reached skill level 1 in Dodging
   173 | D:1      | Gained mutation: When hurt, damage is shared between your
                  | health and your magic reserves. [demonic ancestry]
   173 | D:1      | Reached XP level 2. HP: 23/24 MP: 3/3
   199 | D:1      | Reached * piety under Lugonu
   411 | D:1      | Gained mutation: You are partially covered in yellow
                  | scales. (AC +2) [demonic ancestry]
   411 | D:1      | Reached XP level 3. HP: 26/29 MP: 5/5
   875 | D:2      | Reached skill level 3 in Invocations
   896 | D:2      | Reached ** piety under Lugonu
  1059 | D:2      | Noticed Terence
  1075 | D:2      | Reached skill level 1 in Stealth
  1075 | D:2      | Reached XP level 4. HP: 8/35 MP: 2/6
  1084 | D:2      | Killed Terence
  1544 | D:2      | Reached skill level 1 in Unarmed Combat
  2376 | D:3      | Gained mutation: You have large cloven feet. [demonic
                  | ancestry]
  2376 | D:3      | Reached XP level 5. HP: 39/41 MP: 5/7
  2419 | D:3      | Noticed Grinder
  2490 | D:3      | Paralysed by Grinder for 4 turns
  2502 | D:3      | Paralysed by Grinder for 5 turns
  2509 | D:3      | Killed Grinder
  2509 | D:3      | Reached XP level 6. HP: 29/48 MP: 6/8
  2561 | D:3      | Noticed Jessica
  2585 | D:3      | Killed Jessica
  2585 | D:3      | Reached skill level 4 in Invocations
  2649 | D:3      | Noticed Ijyb
  2650 | D:3      | Paralysed by Ijyb for 3 turns
  2660 | D:3      | Paralysed by Ijyb for 7 turns
  2686 | D:3      | Killed Ijyb
  3043 | D:5      | Entered Level 5 of the Dungeon
  3115 | D:5      | Slain by an ogre

Levels and vault maps discovered:
D:1:      dpeg_arrival_rooms_c, layout_rooms, minmay_lizard_king
D:2:      layout_loops_corners, first_ration, serial_forest,
          infiniplex_forest_end_double, infiniplex_forest_side_room,
          infiniplex_forest_clump_double, infiniplex_forest_lined_3,
          infiniplex_forest_clump_diagonal, infiniplex_forest_clump_curved,
          infiniplex_forest_clump_long, infiniplex_forest_end_double,
          minmay_close_crescents, uniq_terence
D:3:      layout_rooms, uniq_grinder, uniq_ijyb, uniq_jessica
D:4:      layout_loops_ring, kennysheep_generic_room_7, uniq_duvessa
D:5:      layout_rooms, eat_drink_and_be_merry_uskayaw,
          grunt_dithmenos_smoke_and_mirrors, portal_sewer_entry_d

Skill      XL: |  1  2  3  4  5  6 |
---------------+-------------------+-----
Dodging        | 1 2 |  2.3
Long Blades    | 2 3 |  3.8
Armour         | 2 |  2.7
Invocations    | 3 4 |  4.1
Stealth        | 1 2 |  2.0
Unarmed Combat | 1 |  1.7
Fighting       | |  3.8
Short Blades   | |  0.7

Action                   |  1- 3 |  4- 6 || total
-------------------------+-------+-------++-------
Melee: Falchion          |   148 |   122 ||   270
       Mace              |       |    28 ||    28
       Kick              |       |    22 ||    22
       Dagger            |       |    69 ||    69
Throw: Dart              |       |     5 ||     5
Invok: Depart the Abyss  |     1 |       ||     1
  Use: Scroll            |     2 |     4 ||     6
       Potion            |     4 |     3 ||     7
 Stab: Invisible         |     1 |       ||     1
  Eat: Chunk             |     1 |     7 ||     8
Armor: Leather armour    |    47 |       ||    47
       Chain mail        |    48 |    62 ||   110
       Plate armour      |       |    66 ||    66
Dodge: Dodged            |    81 |    44 ||   125
       Rpst.: Falchion   |    27 |     8 ||    35

Table legend:
 A = Non-vault XP
 B = Vault XP
 C = Vault XP percentage of total XP
 D = Non-vault monster count
 E = Vault monster count
 F = Vault count percentage of total count
                 A         B        C        D         E       F
            +---------+---------+-------+---------+---------+-------
      Total |     303 |     374 |  55.2 |      75 |      11 |  12.8
            +---------+---------+-------+---------+---------+-------
        D:1 |      47 |       6 |  11.3 |      28 |       4 |  12.5
        D:2 |      85 |      41 |  32.5 |      27 |       4 |  12.9
        D:3 |      98 |     327 |  76.9 |      15 |       3 |  16.7
        D:5 |      73 |       0 |   0.0 |       5 |       0 |   0.0
            +---------+---------+-------+---------+---------+-------
